 Dungeon Crawl Stone Soup version 0.28-a0-1114-g8eb0198dcf (webtiles) character file.

Game seed: 1723100733364904933

6318 1994 the Protected (level 10, -1/65 HPs)
             Began as a Tengu Gladiator on Dec 11, 2021.
             Was a High Priest of Okawaru.
             Slain by Urug (25 damage)
             ... on level 10 of the Dungeon.
             The game lasted 00:17:29 (11040 turns).

1994 the Protected (Tengu Gladiator)               Turns: 11040, Time: 00:17:29

Health: -1/65      AC: 22    Str: 24    XL:     10   Next: 95%
Magic:  13/13      EV: 12    Int:  9    God:    Okawaru [*****.]
Gold:   1866       SH:  0    Dex: 15    Spells: 9/9 levels left

rFire   + + .      SeeInvis .   a - +4 quarterstaff (chaos)
rCold   . . .      Faith    .   (shield currently unavailable)
rNeg    . . .      Spirit   .   k - +2 plate armour {rPois}
rPois   +          Reflect  .   G - +1 hat {Stlth+}
rElec   .          Harm     .   v - +1 cloak
rCorr   .          Rampage  .   n - +1 pair of gloves
Will    .....                   (boots unavailable)
Stlth   ..........              m - amulet of Puida {rF+ Regen+ Str+3 Int-4}
HPRegen 1.00/turn               D - ring of protection from fire
MPRegen 0.13/turn               x - +6 ring of strength

@: flying quickly and evasively, studying Armour, quick
A: beak, talons 3, nimble flight
a: Renounce Religion, Heroism, Finesse, Duel


You were on level 10 of the Dungeon.
You worshipped Okawaru.
Okawaru was extremely pleased with you.
You visited 2 branches of the dungeon, and saw 11 of its levels.

You collected 2490 gold pieces.
You spent 624 gold pieces at shops.

Inventory:

Hand Weapons
 a - a +4 quarterstaff of chaos (weapon)
 b - the +7 hunting sling "Offe Sup" {freeze, Dex+6}
   (You found it on level 4 of the Dungeon)

   Any ammunition fired from it freezes those it strikes, dealing additional
   cold damage.
   It can also slow down cold-blooded creatures.
   Dex:       It affects your dexterity (+6).
 A - a +0 quarterstaff
Missiles
 d - 3 throwing nets
 e - 46 poisoned darts (quivered)
 f - 304 stones
 w - 36 sling bullets
 E - a curare-tipped dart
Armour
 k - a +2 plate armour of poison resistance (worn)
 n - a +1 pair of gloves (worn)
 v - a +1 cloak (worn)
 G - a +1 hat of stealth (worn)
Magical Staves
 q - a staff of death
Jewellery
 j - a ring of see invisible
 m - the amulet of Puida (around neck) {rF+ Regen+ Str+3 Int-4}
   (You acquired it on level 7 of the Dungeon)

   [amulet of regeneration]

   Str:       It affects your strength (+3).
   Int:       It affects your intelligence (-4).
   rF:        It protects you from fire.
   Regen:     It increases your rate of health regeneration.
 t - a ring of magical power
 u - a ring of wizardry
 x - a +6 ring of strength (right hand)
 y - a ring of poison resistance
 D - a ring of protection from fire (left hand)
Wands
 p - a wand of iceblast (4)
 s - a wand of polymorph (13)
 H - a wand of paralysis (8)
Scrolls
 i - 7 scrolls of teleportation
 o - 6 scrolls of identify
 r - a scroll of immolation
 C - a scroll of magic mapping
 F - a scroll of silence {unknown}
Potions
 c - 2 potions of attraction {unknown}
 g - 2 potions of heal wounds
 h - 5 potions of curing
 l - 3 potions of lignification
 z - a potion of berserk rage
 B - a potion of flight


   Skills:
 * Level 8.4 Fighting
 * Level 9.5 Staves
 - Level 2.0 Throwing
 * Level 9.8 Armour
 + Level 7.9 Dodging
 + Level 3.9 Invocations


You had 9 spell levels left.
You didn't know any spells.
Your spell library contained the following spells:

 Spells                   Type           Power      Damage    Failure   Level
 Beastly Appendage        Tmut           0%         N/A       99%         1
 Wereblood                Tmut           0%         N/A       100%        2
 Spider Form              Tmut/Pois      0%         N/A       100%        3


Dungeon Overview and Level Annotations

Branches:
Dungeon (10/15)            Temple (1/1) D:5            Lair (0/6) D:8
    Orc: D:9-12

Altars:
Ashenzari
Cheibriados
Dithmenos
Elyvilon
Fedhas
Gozag
Hepliaklqana
Kikubaaqudgha
Makhleb
Nemelex Xobeh
Okawaru
Qazlal
Ru
Sif Muna
Trog
Uskayaw
Vehumet
Wu Jian
Xom
Yredelemnul
Zin
The Shining One
Lugonu

Shops:
D:8 [[

Annotations:
D:7 2 transporters
D:10 Urug


Innate Abilities, Weirdness & Mutations

You have a beak for a mouth.
You have claws for feet.
Your magical nature lets you fly swiftly and evasively.


Message History

No target in view!
You now have 1866 gold pieces (gained 13).
A centaur zombie comes into view.
A centaur zombie is nearby!
A centaur zombie is nearby!
You see here 25 stones.
You sock the centaur zombie!
The centaur zombie convulses!
You claw the centaur zombie.
The centaur zombie is almost destroyed.
You sock the centaur zombie!
You destroy the centaur zombie!
Okawaru accepts your kill.
No target in view!
No target in view!
No target in view!
f - 304 stones (gained 25) Urug the Orcish Ballista comes into view.
She is wielding a +1 vampiric double sword, quivering silver javelins and carrying a wand of charming (6).
Urug shouts!
You see here 14 gold pieces.
Urug is nearby!
Urug is nearby!
Urug is nearby!
Urug is nearby!
You hit Urug but do no damage.
Urug seems to grow stronger.
You claw Urug.
Urug is lightly wounded.
Urug closely misses you.
You barely miss Urug. Your kick misses Urug. You peck Urug, but do no damage.
Urug is lightly wounded.
You closely miss Urug. Your kick misses Urug.
Urug is lightly wounded.
Urug hits you with a +1 vampiric double sword!
You hit Urug but do no damage.
Urug is poisoned.
Urug is lightly wounded.
Urug hits you with a +1 vampiric double sword!!
Ouch! That really hurt!
Urug draws strength from your wounds!
You hit Urug. Your kick misses Urug.
Urug is lightly wounded.
Urug hits you with a +1 vampiric double sword!!
You die...

.## ...### .....#####
.........##########
...................
......<#......###.#
................#.# .
.#............#.#o##....
.....###.##<#...@.......
##...# #.####.#.###.#...
#...# ### #.#.# #...#
..... #..## .#.#... #..
....#...# #.. ##.####...
#.. #. ./.. #..


You could see Urug (strong, very poisoned).

Vanquished Creatures
  Psyche (D:9)
  Maggie (D:8)
  A komodo dragon (D:6)
  A hornet (D:8)
  Sigmund (D:6)
  7 yaks
  Grum (D:8)
  A wraith (D:10)
  Eustachio (D:5)
  Menkaure (D:6)
  2 acid dragons (D:8)
  3 water moccasins
  4 sky beasts
  5 orc warriors
  2 necrophages
  A wolf (D:8)
  A centaur (D:8)
  A kobold brigand (D:9)
  A phantom (D:6)
  6 bullfrogs
  A gnoll sergeant (D:5)
  A scorpion (D:6)
  3 wyvern skeletons
  A water moccasin skeleton (D:6)
  A howler monkey (D:6)
  A bullfrog zombie (D:7)
  A lava snake (D:7)
  4 centaur zombies
  5 orc priests
  Crazy Yiuf (D:6)
  3 hounds
  2 jellies
  A bullfrog skeleton (D:5)
  2 centaur skeletons (D:6)
  A gnoll shaman (D:7)
  Jessica (D:3)
  An orc wizard (D:9)
  10 gnolls
  10 adders
  A white imp (D:8)
  2 worms
  2 dart slugs
  6 orcs
  7 endoplasms
  2 giant cockroaches
  6 hobgoblins
  4 jackals
  3 quokkas
  5 ball pythons
  6 bats
  7 frilled lizards
  4 goblins
  11 kobolds
  6 rats
164 creatures vanquished.

Vanquished Creatures (others)
  20 fungi (D:8)
  25 plants (D:8)
45 creatures vanquished.

Grand Total: 209 creatures vanquished

Notes
Turn   | Place    | Note
-------+----------+-------------------------------------------
     0 | D:1      | 1994 the Tengu Gladiator began the quest for the Orb.
     0 | D:1      | Reached XP level 1. HP: 12/12 MP: 2/2
   354 | D:1      | Reached XP level 2. HP: 17/17 MP: 3/3
   480 | D:1      | Reached skill level 1 in Armour
   677 | D:1      | Found an opulent altar of Gozag.
   727 | D:1      | Reached XP level 3. HP: 10/22 MP: 4/4
  1247 | D:2      | Reached XP level 4. HP: 27/27 MP: 5/5
  1991 | D:3      | Gained mutation: Your magical nature lets you fly swiftly
                  | and evasively. [Tengu growth]
  1991 | D:3      | Reached XP level 5. HP: 23/32 MP: 6/6
  2237 | D:3      | Noticed Jessica
  2242 | D:3      | Killed Jessica
  2548 | D:4      | Identified the +7 hunting sling "Offe Sup" {freeze, Dex+6}
  3242 | D:5      | Entered Level 5 of the Dungeon
  3395 | D:4      | Reached XP level 6. HP: 20/37 MP: 7/7
  4264 | D:5      | Reached skill level 5 in Staves
  4346 | D:5      | Noticed a necrophage
  4370 | D:5      | Killed a necrophage
  4371 | D:5      | Reached XP level 7. HP: 37/43 MP: 8/8
  4406 | D:5      | Found a staircase to the Ecumenical Temple.
  4515 | Temple   | Entered the Ecumenical Temple
  4844 | Temple   | Became a worshipper of Warmaster Okawaru
  4895 | D:5      | Found a snail-covered altar of Cheibriados.
  5371 | D:6      | Noticed Sigmund
  5371 | D:6      | Noticed Eustachio
  5670 | D:5      | Killed Eustachio
  5927 | D:6      | Killed Sigmund
  5927 | D:6      | Reached * piety under Okawaru
  5928 | D:6      | Reached skill level 5 in Fighting
  6009 | D:6      | Reached skill level 5 in Armour
  6009 | D:6      | Reached XP level 8. HP: 35/49 MP: 9/9
  6359 | D:6      | Reached skill level 5 in Dodging
  6657 | D:6      | Noticed Menkaure
  6662 | D:6      | Killed Menkaure
  6662 | D:6      | Reached ** piety under Okawaru
  7028 | D:6      | Found a runed translucent door.
  7029 | D:6      | Noticed Crazy Yiuf
  7090 | D:6      | Killed Crazy Yiuf
  7203 | D:7      | Noticed a komodo dragon
  7344 | D:6      | Killed a komodo dragon
  7345 | D:6      | Reached skill level 1 in Invocations
  7345 | D:6      | Reached XP level 9. HP: 55/55 MP: 10/10
  7449 | D:7      | Found a corrupted altar of Lugonu.
  7449 | D:7      | Noticed a green ugly thing
  7450 | D:7      | Noticed an ancient zyme
  7451 | D:7      | Noticed a red ugly thing
  7590 | D:7      | Found a transporter.
  7592 | D:7      | Found a transporter.
  8095 | D:7      | Found a hide-covered altar of Uskayaw.
  8200 | D:7      | Reached *** piety under Okawaru
  8361 | D:8      | Noticed Maggie
  8542 | D:8      | Killed Maggie
  8798 | D:8      | Noticed a hornet
  8821 | D:8      | Killed a hornet
  9340 | D:7      | Reached XP level 10. HP: 34/63 MP: 11/13
  9538 | D:8      | Reached **** piety under Okawaru
  9550 | D:8      | Noticed Grum
  9573 | D:8      | Killed Grum
  9573 | D:8      | Received a gift from Okawaru
  9624 | D:7      | Identified 5 scrolls of acquirement
  9624 | D:7      | Acquired the amulet of Puida {rF+ Regen+ Str+3 Int-4}
  9633 | D:7      | Acquired a +1 hat of stealth
  9676 | D:7      | Acquired 808 gold pieces
  9679 | D:7      | Acquired a manual of Armour
  9681 | D:7      | Acquired 1123 gold pieces
  9699 | D:8      | Found Wovoniyz's Armour Emporium.
  9703 | D:8      | Bought a +2 plate armour of poison resistance for 407 gold
                  | pieces
  9888 | D:8      | Found Ypsoer's Antique Armour Boutique.
  9893 | D:8      | Bought a pair of runed gloves for 217 gold pieces
  9993 | D:8      | Found a staircase to the Lair.
 10474 | D:9      | Noticed Psyche
 10490 | D:9      | Killed Psyche
 10834 | D:9      | Reached ***** piety under Okawaru
 11000 | D:10     | Entered Level 10 of the Dungeon
 11035 | D:10     | Noticed Urug
 11040 | D:10     | Slain by Urug

Illustrated notes

Levels and vault maps discovered:
D:1:      dpeg_arrival_water_altar, layout_basic
D:2:      layout_rooms, feat_on_display
D:3:      layout_loops_ring, uniq_jessica
D:4:      layout_cave_pods
D:5:      layout_basic, general_overflow_altar, minmay_temple_entry_large_hall,
          minmay_crystal_room, minmay_fountain_box
D:6:      layout_loops_ring, minmay_starry_boxes, uniq_sigmund, uniq_eustachio,
          uniq_crazy_yiuf_cottage, uniq_menkaure
D:7:      gammafunk_corrupted_shrine, layout_rooms, nicolae_uskayaw_suspiria
D:8:      layout_loops_ring, grunt_lair_entry_orc_guard_hut, serial_shops,
          nicolae_square_shop, nicolae_stop_n_shop_1, uniq_grum, uniq_maggie
D:9:      layout_long_grid, wad_floor_pattern_untrapped, uniq_psyche
D:10:     kb_forest_paths, layout_basic, uniq_urug
Temple:   mainiacjoe_temple_cubbyholes

Skill      XL: |  1  2  3  4  5  6  7  8  9 10 |
---------------+-------------------------------+-----
Armour         | 1 2 3 5 6 7 9 |  9.8
Staves         | 4 5 6 7 8 9 |  9.5
Fighting       | 3 4 5 6 7 8 |  8.4
Dodging        | 4 5 7 |  7.9
Invocations    | 1 2 3 |  3.9
Throwing       | |  2.0

Action                   |  1- 3 |  4- 6 |  7- 9 | 10-12 || total
-------------------------+-------+-------+-------+-------++-------
Melee: Quarterstaff      |    66 |    87 |   149 |   159 ||   461
       Kick              |    21 |    15 |    48 |    60 ||   144
       Peck              |     8 |    20 |    31 |    42 ||   101
 Fire: Hunting sling     |       |    25 |    64 |     6 ||    95
Throw: Dart              |       |     1 |       |       ||     1
Invok: Heroism           |       |       |     1 |     1 ||     2
  Use: Potion            |       |       |     2 |       ||     2
       Scroll            |       |       |       |    17 ||    17
 Stab: Petrifying        |       |       |       |     1 ||     1
Armor: Leather armour    |    18 |    12 |       |       ||    30
       Ring mail         |       |     4 |    27 |       ||    31
       Steam dragon scal |       |       |     5 |    14 ||    19
       Plate armour      |       |       |       |    62 ||    62
Dodge: Dodged            |    59 |    66 |   101 |    80 ||   306

Table legend: (Time is in decaauts)
 A = Elapsed time spent in this place.
 B = Non-inter-level travel time spent in this place.
 C = Inter-level travel time spent in this place.
 D = Time resting spent in this place.
 E = Time spent auto-exploring this place.
 F = Levels seen in this place.
 G = Mean time per level.
                   A        B        C        D        E       F      G
               +--------+--------+--------+--------+--------+-----+--------+
         Total |  10537 |  10049 |    488 |   3740 |   4298 |  11 |  957.9 |
       Dungeon |  10216 |   9784 |    432 |   3740 |   4036 |  10 | 1021.6 |
        Temple |    320 |    265 |     55 |      0 |    262 |   1 |  320.0 |
               +--------+--------+--------+--------+--------+-----+--------+

Top non-repeatable levels by time:
     D:7: 1605 daAuts
     D:5: 1552 daAuts
     D:6: 1403 daAuts
     D:4: 1383 daAuts
     D:8: 1222 daAuts
     D:1: 1049 daAuts
     D:3: 963 daAuts
     D:9: 569 daAuts
     D:2: 429 daAuts
  Temple: 320 daAuts
    D:10: 35 daAuts
